 Dungeon Crawl Stone Soup version 0.32-a0-411-g744942f433 (webtiles) character file.

Game seed: 17349183836678309001

58 shadowstone the Changeling (level 4, 0/28 HPs)
             Began as an Octopode Shapeshifter on Feb 21, 2024.
             Slain by a goblin
             ... wielding a +0 club
             ... led by Robin
              (2 damage)
             ... on level 2 of the Dungeon.
             The game lasted 00:02:56 (2640 turns).

shadowstone the Changeling (Octopode Shapeshifter)  Turns: 2640, Time: 00:02:57

Health: 0/28       AC:  1    Str: 15    XL:     4   Next: 2%
Magic:  4/4        EV: 13    Int: 12    God:
Gold:   79         SH:  0    Dex: 11    Spells: 3/3 levels left

rFire   . .          .
                       - Unarmed
rCold   . . .        (no shield)
rNeg    . . .        (helmet currently unavailable)
rPois   .            (no amulet)
rElec   .            (no ring)
rCorr   .            (no ring)
SInv    .            (no ring)
Will    .....        (no ring)
Stlth   +++          (no ring)
HPRegen 0.24/turn    (no ring)
MPRegen 0.09/turn    (no ring)
                     (no ring)

%: no passive effects
@: beast-form
A: beast (slay +2), almost no armour, amphibious, 8 rings, camouflage 1,
gelatinous body 1, (nimble swimmer 1), tentacles
a: Begin Untransformation


You were on level 2 of the Dungeon.
You were a hulking beast.
You visited 1 branch of the dungeon, and saw 2 of its levels.

You collected 79 gold pieces.

Inventory:

Missiles
 f - 4 boomerangs (quivered)
Talismans
 b - a beast talisman (active)
 c - a flux talisman
Scrolls
 e - 2 scrolls of teleportation {unknown}
 h - a scroll of identify {unknown}
Potions
 a - a potion of lignification
 d - a potion of enlightenment {unknown}
 g - a potion of resistance {unknown}


   Skills:
 + Level 1.1 Fighting
 + Level 0.2 Throwing
 + Level 2.3 Dodging
 + Level 1.7 Stealth
 + Level 3.4 Unarmed Combat
 + Level 3.7 Shapeshifting


You had 3 spell levels left.
You didn't know any spells.
Your spell library contained the following spells:

 Spells                   Type           Power      Damage    Failure   Level
 Ensorcelled Hibernation  Hex/Ice        0%         N/A       45%         2
 Sublimation of Blood     Necr           0%         N/A       45%         2
 Fugue of the Fallen      Necr           0%         N/A       69%         3
 Anguish                  Hex/Necr       0%         N/A       97%         4
 Petrify                  Alch/Erth      0%         N/A       97%         4
 Irradiate                Conj/Alch      0%         3d11      100%        5


Dungeon Overview and Level Annotations

Branches:
Dungeon (2/15)

Altars:

Annotations:
D:2 Robin


Innate Abilities, Weirdness & Mutations

You are a hulking beast.
Your limbs bulge with bestial killing power. (Slay +2)
You cannot wear most types of armour.
You are amphibious.
You can wear up to eight rings at the same time.
Your skin changes colour to match your surroundings (Stealth+).
Your rubbery body absorbs attacks. (AC +1, EV +1)
((You are camouflaged when in or above water. (Stealth+)))
You have tentacles for arms and can constrict up to eight enemies at once.


Message History

The kobold hits you but does no damage. Robin throws the goblin at you!
The goblin barely misses you. The goblin closely misses you.
You miss the goblin.
The goblin shouts!
You grab the goblin. You squeeze the goblin.
You kill the goblin!
The goblin hits you but does no damage. Robin throws the goblin at you!
The goblin hits you with a club. The kobold closely misses you.
The goblin hits you with a +0 club.
You closely miss the goblin. Your grab misses the goblin.
Your tentacle-slap misses the goblin.
You squeeze the goblin.
You kill the goblin!
The kobold hits you with a +0 dagger. The goblin hits you with a +0 club.
The goblin hits you but does no damage. The goblin hits you with a +0 dagger.
The goblin closely misses you.
You closely miss the goblin. Your grab misses the goblin.
Your squeeze misses the goblin. The goblin misses you.
The kobold hits you with a +0 dagger.
A goblin comes into view. It is wielding a +0 club.
The goblin closely misses you. x2; The goblin hits you with a +0 dagger.
The goblin closely misses you.
Unknown command.
You tentacle-slap the goblin. You grab the goblin. You squeeze the goblin.
You kill the goblin!
The kobold hits you with a +0 dagger.
* * * LOW HITPOINT WARNING * * *
The hobgoblin hits you.
* * * LOW HITPOINT WARNING * * *
The goblin hits you with a +0 club.
* * * LOW HITPOINT WARNING * * *
A goblin comes into view. It is wielding a +0 club.
The goblin misses you. The goblin barely misses you.
The goblin hits you with a +0 dagger.
* * * LOW HITPOINT WARNING * * *
You have reached level 4!
You closely miss the goblin. Your grab misses the goblin.
The goblin closely misses you. The kobold barely misses you.
The hobgoblin completely misses you. The goblin barely misses you. x2
The goblin hits you with a +0 club.
You die...

. .#### ##### .. ....#
##...##g ....# ...... .
....# # # #.gg###gg.
....# #.#. +ggg......
....#
#....#Khg##########..###
......ggg................
...........#.............
......)..............####
......####.#.....!...#
...### #.######....# ...
#.# #....# ## #.# #.##.#
#.. #.# +#


You could see Robin, a hobgoblin, 9 goblins and a kobold.

Vanquished Creatures
  A dart slug (D:1)
  2 bats (D:1)
  An endoplasm (D:1)
  A giant cockroach (D:1)
  9 goblins
  3 hobgoblins (D:1)
  2 kobolds (D:1)
  3 ball pythons (D:1)
  2 frilled lizards (D:1)
24 creatures vanquished.

Vanquished Creatures (others)
  A ghoul (D:1)
  2 demonspawn (D:1)
  A draconian (D:1)
  An octopode (D:1)
  A vine stalker (D:1)
  2 merfolk (D:1)
  A formicid (D:1)
  An elf (D:1)
  A human (D:1)
  2 dwarves (D:1)
  A barachi (D:1)
  A mummy (D:1)
  7 tentacles (D:1)
22 creatures vanquished.

Grand Total: 46 creatures vanquished

Notes
Turn   | Place    | Note
-------+----------+-------------------------------------------
     0 | D:1      | shadowstone the Octopode Shapeshifter began the quest for
                  | the Orb.
     0 | D:1      | Reached XP level 1. HP: 13/13 MP: 1/1
     2 | D:1      | Noticed a human
     2 | D:1      | Noticed a barachi
     2 | D:1      | Noticed a ghoul
     2 | D:1      | Noticed a formicid
     2 | D:1      | Noticed a draconian
     2 | D:1      | Noticed a merfolk
     2 | D:1      | Noticed a merfolk
     2 | D:1      | Noticed a kraken
     2 | D:1      | Noticed a demonspawn
     2 | D:1      | Noticed a demonspawn
     2 | D:1      | Noticed a vine stalker
     2 | D:1      | Noticed a dwarf
     2 | D:1      | Noticed an elf
     2 | D:1      | Noticed a dwarf
     2 | D:1      | Noticed an octopode
     3 | D:1      | Killed a merfolk
     4 | D:1      | Killed a human
     8 | D:1      | Killed a barachi
     9 | D:1      | Killed a formicid
    10 | D:1      | Killed a merfolk
    12 | D:1      | Killed an octopode
    12 | D:1      | Killed an elf
    13 | D:1      | Killed a draconian
    14 | D:1      | Killed a ghoul
    15 | D:1      | Reached XP level 2. HP: 18/18 MP: 2/2
    17 | D:1      | Killed a vine stalker
    17 | D:1      | Killed a demonspawn
    18 | D:1      | Killed a demonspawn
    20 | D:1      | Killed a dwarf
    20 | D:1      | Killed a dwarf
  1960 | D:1      | Reached skill level 1 in Stealth
  2105 | D:1      | Reached XP level 3. HP: 23/23 MP: 3/3
  2634 | D:2      | Noticed Robin
  2639 | D:2      | HP: 1/23 [goblin/+0 dagger[Robin] (1)]
  2640 | D:2      | Reached XP level 4. HP: 2/28 MP: 4/4
  2640 | D:2      | Slain by a goblin

Illustrated notes

Levels and vault maps discovered:
D:1:      nicolae_arrival_kraken_aquarium_b, layout_basic,
          grunt_decor_one_mirror, chequers_garden, hangedman_decor_points,
          minmay_misc_feat_enclosed, feat_on_display
D:2:      layout_basic, uniq_jessica, uniq_robin, uniq_crazy_yiuf_cottage

Skill      XL: |  1  2 |
---------------+-------+-----
Stealth        | 1 |  1.7
Fighting       | |  1.1
Throwing       | |  0.2
Dodging        | |  2.3
Unarmed Combat | |  3.4
Shapeshifting  | |  3.7

Action                     |  1- 3 |  4- 6 || total
---------------------------+-------+-------++-------
  Melee: Unarmed           |    38 |     1 ||    39
         Constrict         |    13 |       ||    13
         Tentacles         |     7 |       ||     7
  Throw: Boomerang         |     3 |       ||     3
 Armour: Skin              |    45 |     1 ||    46
  Dodge: Dodged            |    43 |     5 ||    48

Table legend: (Time is in decaauts)
 A = Elapsed time spent in this place.
 B = Non-inter-level travel time spent in this place.
 C = Inter-level travel time spent in this place.
 D = Time resting spent in this place.
 E = Time spent auto-exploring this place.
 F = Levels seen in this place.
 G = Mean time per level.
                   A        B        C        D        E       F      G
               +--------+--------+--------+--------+--------+-----+--------+
         Total |   2638 |   2606 |     32 |   1882 |    322 |   2 | 1319.0 |
       Dungeon |   2638 |   2606 |     32 |   1882 |    322 |   2 | 1319.0 |
               +--------+--------+--------+--------+--------+-----+--------+

Top non-repeatable levels by time:
     D:1: 2611 daAuts
     D:2: 27 daAuts
